 Dungeon Crawl Stone Soup version 0.31.0-11-ge490571c62 (webtiles) character file.

Game seed: 14049404615466447928

9713 qw the Nimble (level 11, -13/55 HPs)
             Began as a Spriggan Hunter on Feb 4, 2024.
             Was an Elder of Okawaru.
             Mangled by Erica
             ... wielding a +1 scimitar of flaming
              (21 damage)
             ... on level 10 of the Dungeon.
             The game lasted 00:01:05 (7494 turns).

qw the Nimble (Spriggan Hunter)                     Turns: 7494, Time: 00:01:06

Health: -13/55     AC: 10    Str:  7    XL:     11   Next: 26%
Magic:  11/16      EV: 31    Int: 10    God:    Okawaru [****..]
Gold:   610        SH:  0    Dex: 24    Spells: 10/10 levels left

rFire   . . .        q - +0 orcbow
rCold   . . .        (shield currently unavailable)
rNeg    . . .        p - +0 troll leather armour
rPois   .            (helmet restricted)
rElec   .            d - +2 cloak
rCorr   .            (gloves unavailable)
SInv    +            (boots unavailable)
Will    +....        l - amulet of faith
Stlth   ++           b - +5 ring of evasion
HPRegen 1.09/turn    c - +4 ring of protection
MPRegen 0.15/turn

%: faith
@: about to teleport, finesse-ful, marked, constricted, very quick
A: very small, no large weapons, unfitting armour, see invisible, speed 3
a: Renounce Religion, Heroism, Finesse


You were on level 10 of the Dungeon.
You worshipped Okawaru.
Okawaru was greatly pleased with you.
You visited 2 branches of the dungeon, and saw 11 of its levels.

You collected 610 gold pieces.


Innate Abilities, Weirdness & Mutations

You are very small and have problems with some larger weapons.
You are too small for most types of armour.
You have supernaturally acute eyesight. (SInv)
You cover ground extremely quickly. (Speed+++)


   Skills:
 - Level 5.0 Fighting
 + Level 12.7 Ranged Weapons
 - Level 1.7 Armour
 - Level 12.9 Dodging
 - Level 1.5 Stealth
 + Level 5.6 Invocations


You had 10 spell levels left.
You didn't know any spells.
Your spell library was empty.

Inventory:

Hand Weapons
 q - a +0 orcbow (weapon)
Armour
 d - a +2 cloak (worn)
 p - a +0 troll leather armour (worn)
Jewellery
 b - a +5 ring of evasion (left hand)
 c - a +4 ring of protection (right hand)
 g - a +6 ring of dexterity
 l - an amulet of faith (around neck)
Wands
 i - a wand of charming (3)
 m - a wand of mindburst (5)
Scrolls
 a - a scroll of identify
 h - 2 scrolls of teleportation
Potions
 e - a potion of mutation
 f - a potion of enlightenment
 j - a potion of curing
 k - 3 potions of might

Dungeon Overview and Level Annotations

Branches:
Dungeon (10/15)            Temple (1/1) D:6
   Lair: D:8-11         Orc: D:9-12

Altars:
Ashenzari
Cheibriados
Dithmenos
Elyvilon
Fedhas
Gozag
Hepliaklqana
Kikubaaqudgha
Makhleb
Nemelex Xobeh
Okawaru
Qazlal
Ru
Sif Muna
Trog
Uskayaw
Vehumet
Wu Jian
Xom
Yredelemnul
Zin
The Shining One

Annotations:
D:3 2 transporters, qw's ghost, amateur DEHu
D:4 1 runed translucent door, qw's ghost, amateur SpHu
D:5 1 runed translucent door, Crazy Yiuf
D:10 Erica


Message History

The killer bee completely misses you. The killer bee misses you.
Erica hits you but does no damage. Erica barely misses you.
You shoot an arrow. The arrow hits Erica!
Erica is almost dead.
The killer bee completely misses you. The killer bee closely misses you.
You shoot an arrow. The arrow closely misses Erica.
The arrow hits the killer bee!!
You kill the killer bee!
Okawaru accepts your kill. The killer bee completely misses you.
The killer bee misses you.
Erica hits you with a +1 scimitar of flaming!
Erica burns you. Erica grabs you. Erica constricts you.
You shoot an arrow. The arrow hits Erica.
Erica is almost dead.
The killer bee barely misses you. The killer bee misses you.
You shoot an arrow. The arrow closely misses Erica.
The killer bee misses you. The killer bee closely misses you.
Erica completely misses you. Erica constricts you.
You shoot an arrow. The arrow barely misses Erica.
The killer bee closely misses you. The killer bee misses you.
You shoot an arrow.
The arrow hits Erica but does no damage.
Erica is almost dead.
You shoot an arrow. The arrow completely misses Erica.
The killer bee closely misses you. The killer bee completely misses you.
Erica hits you with a +1 scimitar of flaming!
Erica burns you. Erica constricts you.
7492 ||| READING 3 scrolls of teleportation.
As you read the scroll of teleportation, it crumbles to dust.
You feel strangely unstable. The killer bee closely misses you.
The killer bee misses you. The killer bee completely misses you.
The killer bee misses you. Erica closely misses you. Erica constricts you.
You shoot an arrow. The arrow barely misses Erica.
The killer bee closely misses you. The killer bee misses you.
You shoot an arrow. The arrow barely misses Erica.
The killer bee completely misses you. x2
Erica hits you with a +1 scimitar of flaming!!
You die...
Erica begins burbling mirthfully and uncontrollably.

# #..#
#######..#########
..>...............
..............<...
#########..######
# #..# # # #..# .#
# #..#######..# #
#.......@x%.# #
#.......yy..# #
#..#######..#
#########..# )..).
...........# .....
...........# .####
#########..# # #
#>.####### #
#.........


You could see Erica and 2 killer bees.

Vanquished Creatures
  Harold (D:10)
  A two-headed ogre (D:9)
  Sonja (D:10)
  Pikel (D:5)
  A deep elf pyromancer (D:8)
  2 kobold demonologists (D:9)
  2 trolls
  A hornet (D:7)
  Sigmund (D:6)
  2 wyverns
  8 yaks
  Menkaure (D:6)
  An acid dragon (D:10)
  2 orc warriors
  A black bear (D:7)
  A sky beast (D:6)
  3 centaurs
  An ogre (D:5)
  3 lemures (D:5)
  2 bullfrogs
  3 scorpions (D:5)
  21 wights
  15 killer bees
  6 howler monkeys
  3 jellies
  2 bombardier beetles
  10 orc priests
  3 hounds
  4 iguanas
  Natasha (thrice) (D:4)
  9 orc wizards
  2 sleepcaps
  8 adders
  A white imp (D:6)
  2 ufetubi (D:6)
  4 ribbon worms
  3 dart slugs
  28 orcs
  2 endoplasms
  2 giant cockroaches
  7 goblins
  7 hobgoblins
  4 jackals (D:4)
  4 quokkas
  16 ball pythons
  5 bats (D:1)
  8 frilled lizards
  8 kobolds
  6 rats
232 creatures vanquished.

Notes
Turn   | Place    | Note
-------+----------+-------------------------------------------
     0 | D:1      | qw the Spriggan Hunter began the quest for the Orb.
     0 | D:1      | Reached XP level 1. HP: 10/10 MP: 2/2
     0 | D:1      | 0 ||| qw: Version: 0.3-a-160-g6735b56
     0 | D:1      | 0 ||| qw: Game counter: 5160
     0 | D:1      | 0 ||| qw: Melee chars always use a shield: true
     0 | D:1      | 0 ||| qw: God list: Okawaru
     0 | D:1      | 0 ||| qw: Allow faded altars: false
     0 | D:1      | 0 ||| qw: Do Orc after clearing Dungeon:15 true
     0 | D:1      | 0 ||| qw: Do second Lair branch before Depths: true
     0 | D:1      | 0 ||| qw: Lair rune preference: random
     0 | D:1      | 0 ||| qw: Goals: Normal
     0 | D:1      | 0 ||| PLANNING D:1-11
    71 | D:1      | Reached skill level 3 in Dodging
   119 | D:1      | Reached XP level 2. HP: 14/14 MP: 3/3
   398 | D:1      | Reached XP level 3. HP: 18/18 MP: 4/4
   602 | D:1      | 602 ||| READING 3 scrolls labelled AFRASO IHUNWE.
   603 | D:1      | 603 ||| DROPPING scroll of butterflies.
   742 | D:2      | 742 ||| FLEEEEING.
   982 | D:2      | Reached XP level 4. HP: 22/22 MP: 5/5
  1096 | D:2      | 1096 ||| UPGRADING to +2 robe of positive energy.
  1106 | D:2      | 1106 ||| DROPPING +0 robe.
  1107 | D:2      | 1107 ||| READING 2 scrolls of identify.
  1107 | D:2      | 1107 ||| IDENTIFYING red potion
  1108 | D:2      | 1108 ||| READING scroll of identify.
  1108 | D:2      | 1108 ||| IDENTIFYING sapphire potion
  1109 | D:2      | 1109 ||| READING scroll labelled QUYRIE UBANWISK.
  1110 | D:2      | 1110 ||| READING scroll labelled WUMUQEDE HICH.
  1115 | D:2      | 1115 ||| READING scroll labelled NEXA MAOWASMIG.
  1115 | D:2      | 1115 ||| ENCHANTING +0 shortbow.
  1116 | D:2      | 1116 ||| READING scroll labelled NYNOIPS VISTICLEPT.
  1117 | D:2      | 1117 ||| DROPPING potion of invisibility.
  1286 | D:3      | Found a transporter.
  1289 | D:3      | Noticed qw's ghost (amateur DEHu)
  1339 | D:3      | Found a faded altar of an unknown god.
  1393 | D:3      | Found a transporter.
  1529 | D:3      | 1529 ||| UPGRADING to +0 cloak.
  1534 | D:3      | 1534 ||| UPGRADING to +5 ring of evasion.
  1535 | D:3      | 1535 ||| READING scroll labelled OFOUNY VIBUI.
  1556 | D:4      | Found a runed translucent door.
  1557 | D:4      | 1557 ||| STAIRDANCE
  1561 | D:4      | 1561 ||| STAIRDANCE
  1572 | D:3      | Reached XP level 5. HP: 25/27 MP: 6/6
  1584 | D:4      | 1584 ||| STAIRDANCE
  1589 | D:4      | Noticed qw's ghost (amateur SpHu)
  1678 | D:4      | Found a stormy altar of Qazlal.
  1728 | D:4      | Reached XP level 6. HP: 32/32 MP: 7/7
  1731 | D:4      | Reached skill level 6 in Ranged Weapons
  1800 | D:4      | Noticed Natasha
  1803 | D:4      | Reached skill level 6 in Dodging
  1810 | D:4      | Killed Natasha
  1923 | D:4      | Noticed Natasha
  1928 | D:4      | Killed Natasha
  2055 | D:4      | Reached XP level 7. HP: 35/35 MP: 8/8
  2102 | D:4      | Noticed Natasha
  2113 | D:4      | Killed Natasha
  2394 | D:4      | 2394 ||| READING scroll labelled NOODI JIMU.
  2400 | D:5      | Entered Level 5 of the Dungeon
  2430 | D:5      | 2430 ||| RETREEEEATING.
  2430 | D:5      | Noticed Pikel
  2431 | D:5      | 2431 ||| RETREEEEATING.
  2432 | D:5      | 2432 ||| RETREEEEATING.
  2434 | D:5      | 2434 ||| RETREEEEATING.
  2445 | D:5      | 2445 ||| RETREEEEATING.
  2446 | D:5      | 2446 ||| RETREEEEATING.
  2481 | D:5      | HP: 8/35 [Pikel/+2 whip of freezing (3)]
  2482 | D:5      | 2482 ||| READING 3 scrolls of teleportation.
  2483 | D:5      | 2483 ||| DRINKING potion of heal wounds.
  2608 | D:5      | 2608 ||| FLEEEEING.
  2609 | D:5      | 2609 ||| FLEEEEING.
  2610 | D:5      | 2610 ||| FLEEEEING.
  2612 | D:5      | 2612 ||| FLEEEEING.
  2613 | D:5      | 2613 ||| FLEEEEING.
  2614 | D:5      | 2614 ||| FLEEEEING.
  2615 | D:5      | 2615 ||| FLEEEEING.
  2616 | D:5      | 2616 ||| FLEEEEING.
  2617 | D:5      | 2617 ||| FLEEEEING.
  2618 | D:5      | 2618 ||| FLEEEEING.
  2619 | D:5      | 2619 ||| FLEEEEING.
  2621 | D:5      | 2621 ||| FLEEEEING.
  2622 | D:5      | 2622 ||| FLEEEEING.
  2623 | D:5      | 2623 ||| FLEEEEING.
  2624 | D:5      | 2624 ||| FLEEEEING.
  2625 | D:5      | 2625 ||| FLEEEEING.
  2627 | D:5      | 2627 ||| FLEEEEING.
  2628 | D:5      | 2628 ||| FLEEEEING.
  2631 | D:5      | 2631 ||| FLEEEEING.
  2638 | D:5      | HP: 7/35 [centaur/arrow (13)]
  2639 | D:5      | 2639 ||| READING 2 scrolls of teleportation.
  2819 | D:5      | Found a runed translucent door.
  2820 | D:5      | Noticed Crazy Yiuf
  3223 | D:5      | 3223 ||| RETREEEEATING.
  3228 | D:5      | 3228 ||| RETREEEEATING.
  3230 | D:5      | 3230 ||| RETREEEEATING.
  3231 | D:5      | 3231 ||| RETREEEEATING.
  3233 | D:5      | 3233 ||| RETREEEEATING.
  3235 | D:5      | 3235 ||| RETREEEEATING.
  3241 | D:5      | 3241 ||| RETREEEEATING.
  3242 | D:5      | 3242 ||| RETREEEEATING.
  3243 | D:5      | 3243 ||| RETREEEEATING.
  3251 | D:5      | Reached XP level 8. HP: 39/39 MP: 9/9
  3256 | D:5      | Killed Pikel
  3678 | D:5      | 3678 ||| READING scroll of identify.
  3678 | D:5      | 3678 ||| IDENTIFYING fuming sapphire potion
  3679 | D:5      | 3679 ||| READING scroll labelled USIG OKLESYMO.
  3679 | D:5      | 3679 ||| ENCHANTING +0 shortbow.
  3713 | D:6      | Noticed Menkaure
  3734 | D:6      | Killed Menkaure
  3735 | D:6      | 3735 ||| FLEEEEING.
  3740 | D:6      | 3740 ||| FLEEEEING.
  3741 | D:6      | 3741 ||| STAIRDANCE
  3828 | D:6      | 3828 ||| STAIRDANCE
  3835 | D:5      | Reached skill level 9 in Ranged Weapons
  3871 | D:6      | 3871 ||| STAIRDANCE
  3880 | D:6      | 3880 ||| STAIRDANCE
  3886 | D:6      | 3886 ||| STAIRDANCE
  3898 | D:6      | 3898 ||| STAIRDANCE
  3900 | D:5      | 3900 ||| RETREEEEATING.
  3901 | D:5      | 3901 ||| RETREEEEATING.
  3902 | D:5      | 3902 ||| RETREEEEATING.
  3903 | D:5      | 3903 ||| RETREEEEATING.
  3904 | D:5      | 3904 ||| RETREEEEATING.
  3905 | D:5      | 3905 ||| RETREEEEATING.
  3911 | D:5      | 3911 ||| RETREEEEATING.
  3912 | D:5      | 3912 ||| RETREEEEATING.
  3913 | D:5      | 3913 ||| RETREEEEATING.
  3914 | D:5      | 3914 ||| RETREEEEATING.
  3915 | D:5      | 3915 ||| RETREEEEATING.
  3924 | D:5      | Reached skill level 9 in Dodging
  3924 | D:5      | Reached XP level 9. HP: 34/45 MP: 10/10
  3983 | D:6      | 3983 ||| STAIRDANCE
  4089 | D:6      | Found a staircase to the Ecumenical Temple.
  4090 | D:6      | 4090 ||| PLANNING TEMPLE
  4090 | D:6      | 4090 ||| UPGRADING to +4 ring of protection.
  4099 | Temple   | Entered the Ecumenical Temple
  4100 | Temple   | 4100 ||| PLANNING OKAWARU WORSHIP
  4184 | Temple   | Became a worshipper of Warmaster Okawaru
  4185 | Temple   | 4185 ||| PLANNING D:1-11
  4438 | D:6      | Noticed Sigmund
  4442 | D:6      | Killed Sigmund
  4466 | D:6      | 4466 ||| FLEEEEING.
  4467 | D:6      | 4467 ||| FLEEEEING.
  4468 | D:6      | 4468 ||| FLEEEEING.
  4469 | D:6      | 4469 ||| FLEEEEING.
  4470 | D:6      | 4470 ||| FLEEEEING.
  4471 | D:6      | 4471 ||| FLEEEEING.
  4472 | D:6      | 4472 ||| FLEEEEING.
  4473 | D:6      | 4473 ||| FLEEEEING.
  4474 | D:6      | 4474 ||| FLEEEEING.
  4475 | D:6      | 4475 ||| FLEEEEING.
  4476 | D:6      | 4476 ||| FLEEEEING.
  4477 | D:6      | 4477 ||| FLEEEEING.
  4478 | D:6      | 4478 ||| FLEEEEING.
  4479 | D:6      | 4479 ||| FLEEEEING.
  4480 | D:6      | 4480 ||| FLEEEEING.
  4481 | D:6      | 4481 ||| FLEEEEING.
  4482 | D:6      | 4482 ||| FLEEEEING.
  4483 | D:6      | 4483 ||| FLEEEEING.
  4484 | D:6      | 4484 ||| FLEEEEING.
  4485 | D:6      | 4485 ||| FLEEEEING.
  4486 | D:6      | 4486 ||| FLEEEEING.
  4487 | D:6      | 4487 ||| FLEEEEING.
  4488 | D:6      | 4488 ||| FLEEEEING.
  4489 | D:6      | 4489 ||| FLEEEEING.
  4490 | D:6      | 4490 ||| FLEEEEING.
  4491 | D:6      | 4491 ||| FLEEEEING.
  4492 | D:6      | 4492 ||| FLEEEEING.
  4493 | D:6      | 4493 ||| FLEEEEING.
  4494 | D:6      | 4494 ||| FLEEEEING.
  4495 | D:6      | 4495 ||| FLEEEEING.
  4496 | D:6      | 4496 ||| FLEEEEING.
  4497 | D:6      | 4497 ||| FLEEEEING.
  4498 | D:6      | 4498 ||| FLEEEEING.
  4499 | D:6      | 4499 ||| FLEEEEING.
  4500 | D:6      | 4500 ||| FLEEEEING.
  4501 | D:6      | 4501 ||| FLEEEEING.
  4502 | D:6      | 4502 ||| FLEEEEING.
  4503 | D:6      | 4503 ||| FLEEEEING.
  4504 | D:6      | 4504 ||| FLEEEEING.
  4505 | D:6      | 4505 ||| STAIRDANCE
  4507 | D:5      | 4507 ||| FLEEEEING.
  4508 | D:5      | 4508 ||| FLEEEEING.
  4509 | D:5      | 4509 ||| FLEEEEING.
  4510 | D:5      | 4510 ||| FLEEEEING.
  4511 | D:5      | 4511 ||| FLEEEEING.
  4512 | D:5      | 4512 ||| FLEEEEING.
  4513 | D:5      | 4513 ||| FLEEEEING.
  4514 | D:5      | 4514 ||| FLEEEEING.
  4515 | D:5      | 4515 ||| FLEEEEING.
  4516 | D:5      | 4516 ||| FLEEEEING.
  4517 | D:5      | 4517 ||| FLEEEEING.
  4518 | D:5      | 4518 ||| FLEEEEING.
  4519 | D:5      | 4519 ||| FLEEEEING.
  4520 | D:5      | 4520 ||| FLEEEEING.
  4521 | D:5      | 4521 ||| FLEEEEING.
  4522 | D:5      | 4522 ||| FLEEEEING.
  4523 | D:5      | 4523 ||| FLEEEEING.
  4524 | D:5      | 4524 ||| READING scroll of identify.
  4524 | D:5      | 4524 ||| IDENTIFYING smoky brown potion
  4778 | D:6      | Found a sparkling altar of Nemelex Xobeh.
  4791 | D:6      | Found a hide-covered altar of Uskayaw.
  5101 | D:6      | 5101 ||| UPGRADING to amulet of faith.
  5106 | D:6      | 5106 ||| READING scroll of identify.
  5106 | D:6      | 5106 ||| IDENTIFYING yellow potion
  5107 | D:6      | 5107 ||| DRINKING 2 fuming silvery potions.
  5259 | D:7      | 5259 ||| SWAPPING to +2 heavy shortbow.
  5260 | D:7      | 5260 ||| DROPPING +1 shortbow.
  5499 | D:7      | Reached * piety under Okawaru
  5528 | D:7      | Reached skill level 1 in Invocations
  5612 | D:7      | 5612 ||| READING 3 scrolls of identify.
  5612 | D:7      | 5612 ||| IDENTIFYING scroll labelled AME FEM HOUWN
  5613 | D:7      | 5613 ||| DROPPING scroll of fear.
  5660 | D:8      | 5660 ||| READING scroll of enchant armour.
  5660 | D:8      | 5660 ||| ENCHANTING +0 cloak.
  5663 | D:8      | 5663 ||| READING scroll of enchant armour.
  5663 | D:8      | 5663 ||| ENCHANTING +1 cloak.
  5692 | D:8      | Reached skill level 3 in Invocations
  5699 | D:8      | Reached ** piety under Okawaru
  5846 | D:8      | 5846 ||| RETREEEEATING.
  5850 | D:8      | 5850 ||| RETREEEEATING.
  5851 | D:8      | 5851 ||| RETREEEEATING.
  5852 | D:8      | 5852 ||| RETREEEEATING.
  5853 | D:8      | 5853 ||| RETREEEEATING.
  5854 | D:8      | 5854 ||| RETREEEEATING.
  5855 | D:8      | 5855 ||| RETREEEEATING.
  5856 | D:8      | 5856 ||| RETREEEEATING.
  5857 | D:8      | 5857 ||| RETREEEEATING.
  5859 | D:8      | 5859 ||| RETREEEEATING.
  5860 | D:8      | 5860 ||| RETREEEEATING.
  5861 | D:8      | 5861 ||| RETREEEEATING.
  5862 | D:8      | 5862 ||| RETREEEEATING.
  5863 | D:8      | 5863 ||| RETREEEEATING.
  5864 | D:8      | 5864 ||| RETREEEEATING.
  5865 | D:8      | 5865 ||| RETREEEEATING.
  5866 | D:8      | 5866 ||| RETREEEEATING.
  5867 | D:8      | 5867 ||| RETREEEEATING.
  5868 | D:8      | 5868 ||| RETREEEEATING.
  5869 | D:8      | 5869 ||| RETREEEEATING.
  5870 | D:8      | 5870 ||| RETREEEEATING.
  5871 | D:8      | 5871 ||| RETREEEEATING.
  5877 | D:8      | 5877 ||| INVOKING Heroism.
  5883 | D:8      | Reached XP level 10. HP: 51/51 MP: 10/14
  5963 | D:8      | Found a broken altar of Ashenzari.
  6175 | D:8      | Noticed a deep elf pyromancer
  6180 | D:8      | 6180 ||| INVOKING Heroism.
  6186 | D:8      | Killed a deep elf pyromancer
  6233 | D:8      | Identified the +8 rapier of Corporal Punishment {speed,
                  | *Rage rC+ Dex+4 Stlth+}
  6320 | D:8      | 6320 ||| READING 3 scrolls of identify.
  6320 | D:8      | 6320 ||| IDENTIFYING 2 scrolls labelled TATOFOH GEOZ
  6321 | D:8      | 6321 ||| DROPPING 2 scrolls of poison.
  6478 | D:9      | Reached *** piety under Okawaru
  6479 | D:9      | Reached skill level 12 in Dodging
  6588 | D:9      | 6588 ||| SWAPPING to +0 orcbow.
  6589 | D:9      | 6589 ||| DROPPING +2 heavy shortbow.
  6610 | D:9      | Found a sacrificial altar of Ru.
  6666 | D:9      | 6666 ||| RETREEEEATING.
  6667 | D:9      | 6667 ||| RETREEEEATING.
  6670 | D:9      | 6670 ||| RETREEEEATING.
  6672 | D:9      | 6672 ||| RETREEEEATING.
  6674 | D:9      | 6674 ||| RETREEEEATING.
  6682 | D:9      | Noticed a rust devil
  6682 | D:9      | 6682 ||| RETREEEEATING.
  6683 | D:9      | 6683 ||| RETREEEEATING.
  6684 | D:9      | 6684 ||| RETREEEEATING.
  6688 | D:9      | 6688 ||| RETREEEEATING.
  6690 | D:9      | 6690 ||| RETREEEEATING.
  6691 | D:9      | 6691 ||| RETREEEEATING.
  6703 | D:9      | 6703 ||| INVOKING Heroism.
  6804 | D:9      | Noticed a two-headed ogre
  6805 | D:9      | 6805 ||| INVOKING Heroism.
  6817 | D:9      | Killed a two-headed ogre
  6818 | D:9      | Reached skill level 12 in Ranged Weapons
  6915 | D:9      | Noticed an orange demon
  6915 | D:9      | 6915 ||| INVOKING Heroism.
  6920 | D:9      | Reached **** piety under Okawaru
  7126 | D:9      | 7126 ||| UPGRADING to +0 troll leather armour.
  7136 | D:9      | 7136 ||| DROPPING +2 robe of positive energy.
  7137 | D:9      | 7137 ||| DROPPING ring of wizardry.
  7138 | D:9      | 7138 ||| READING 3 scrolls of identify.
  7138 | D:9      | 7138 ||| IDENTIFYING gluggy clear potion
  7139 | D:9      | 7139 ||| READING 2 scrolls of identify.
  7139 | D:9      | 7139 ||| IDENTIFYING puce potion
  7140 | D:9      | 7140 ||| READING scroll of identify.
  7140 | D:9      | 7140 ||| IDENTIFYING scroll labelled MEGIKIETRU
  7141 | D:9      | 7141 ||| DROPPING scroll of revelation.
  7142 | D:9      | 7142 ||| DROPPING potion of lignification.
  7143 | D:9      | 7143 ||| DROPPING potion of degeneration.
  7161 | D:10     | Entered Level 10 of the Dungeon
  7161 | D:10     | Noticed Sonja
  7162 | D:10     | 7162 ||| INVOKING Finesse.
  7180 | D:10     | Killed Sonja
  7181 | D:10     | Reached skill level 1 in Armour
  7228 | D:10     | Reached XP level 11. HP: 42/54 MP: 15/15
  7236 | D:10     | 7236 ||| RETREEEEATING.
  7237 | D:10     | 7237 ||| RETREEEEATING.
  7422 | D:10     | Noticed Harold
  7423 | D:10     | 7423 ||| INVOKING Finesse.
  7447 | D:10     | Killed Harold
  7471 | D:10     | Noticed Erica
  7474 | D:10     | 7474 ||| INVOKING Finesse.
  7491 | D:10     | HP: 9/55 [Erica/+1 scimitar of flaming (6)]
  7492 | D:10     | 7492 ||| READING 3 scrolls of teleportation.
  7494 | D:10     | Mangled by Erica

Levels and vault maps discovered:
D:1:      ncdulo_halloftheorcs, layout_basic, minmay_tripent
D:2:      layout_rooms
D:3:      layout_rooms, gammafunk_ghost_mausoleum,
          shapermc_ecumenical_altar_ellora
D:4:      kennysheep_six_static_rooms, layout_rooms,
          mainiacjoe_overflow_surrounded_room, ebering_ghost_sewer_d,
          minmay_goblin_outpost, uniq_natasha
D:5:      layout_basic, uniq_crazy_yiuf_cottage, uniq_pikel
D:6:      layout_gridville, chequers_temple_overflow_statue_of_worship,
          minmay_temple_entry_ruins, serial_bayou_pond_d, minmay_misc_feat_rows,
          uniq_sigmund, uniq_menkaure
D:7:      layout_rooms
D:8:      layout_cave_pools, nicolae_ashenzari_panopticon,
          guppyfry_early_elven_hall
D:9:      layout_gridville, old_standard_altar
D:10:     layout_small_grid, nicolae_shop_firing_range, uniq_harold, uniq_sonja,
          uniq_erica
Temple:   minmay_crystal_spiral_temple

Skill      XL: |  1  2  3  4  5  6  7  8  9 10 11 |
---------------+----------------------------------+-----
Dodging        | 3 4 5 6 8 9 11 12 | 12.9
Ranged Weapons | 5 6 8 9 10 12 | 12.7
Fighting       | 2 4 5 |  5.0
Invocations    | 4 5 |  5.6
Armour         | 1 |  1.7
Stealth        | |  1.5

Action                     |  1- 3 |  4- 6 |  7- 9 | 10-12 || total
---------------------------+-------+-------+-------+-------++-------
   Fire: Shortbow          |   108 |   166 |   450 |    87 ||   811
         Orcbow            |       |       |       |   271 ||   271
 Invoke: Heroism           |       |       |     1 |     4 ||     5
         Finesse           |       |       |       |     3 ||     3
    Use: Scroll            |     1 |     7 |    10 |     5 ||    23
         Potion            |       |       |     2 |       ||     2
 Armour: Robe              |    11 |    25 |    59 |    21 ||   116
         Troll leather arm |       |       |       |    30 ||    30
  Dodge: Dodged            |    34 |   112 |   343 |   389 ||   878

Table legend:
 A = Non-vault XP
 B = Vault XP
 C = Vault XP percentage of total XP
 D = Non-vault monster count
 E = Vault monster count
 F = Vault count percentage of total count
                 A         B        C        D         E       F
            +---------+---------+-------+---------+---------+-------
      Total |   10512 |    3364 |  24.2 |     207 |      22 |   9.6
            +---------+---------+-------+---------+---------+-------
        D:1 |      41 |       4 |   8.9 |      25 |       2 |   7.4
        D:2 |      54 |       0 |   0.0 |      21 |       0 |   0.0
        D:3 |     195 |       0 |   0.0 |       9 |       0 |   0.0
        D:4 |     490 |      62 |  11.2 |      29 |      14 |  32.6
        D:5 |    1178 |     641 |  35.2 |      26 |       1 |   3.7
        D:6 |     490 |     386 |  44.1 |      13 |       2 |  13.3
        D:7 |     803 |       0 |   0.0 |       7 |       0 |   0.0
        D:8 |    2162 |     595 |  21.6 |      25 |       1 |   3.8
        D:9 |    3085 |       0 |   0.0 |      30 |       0 |   0.0
       D:10 |    2014 |    1676 |  45.4 |      22 |       2 |   8.3
            +---------+---------+-------+---------+---------+-------
